 Dungeon Crawl Stone Soup version 0.28-a0-706-gf6f64a616a (webtiles) character file.

Game seed: 1399518400512586811

672 pokeman the Magician (level 7, -3/38 HPs)
             Began as a Deep Elf Hedge Wizard on Oct 24, 2021.
             Slain by an unseen horror (7 damage)
             ... on level 4 of the Dungeon.
             The game lasted 00:13:27 (6020 turns).

pokeman the Magician (Deep Elf Hedge Wizard)        Turns: 6020, Time: 00:13:28

Health: -3/38      AC:  8    Str: 10    XL:     7   Next: 32%
Magic:  2/20       EV: 12    Int: 21    God:
Gold:   81         SH:  0    Dex: 14    Spells: 10/21 levels left

rFire   . . .      SeeInvis .   c - +0 falchion (holy)
rCold   . . .      Faith    .   (no shield)
rNeg    . . .      Spirit   .   f - +0 leather armour
rPois   .          Reflect  .   i - +1 helmet
rElec   .          Harm     .   (no cloak)
rCorr   .          Rampage  .   o - +2 pair of gloves {Str+3}
Will    .....                   (no boots)
Stlth   ++........              (no amulet)
HPRegen 0.12/turn               (no ring)
MPRegen 0.17/turn               (no ring)

@: no status effects
A: no striking features
a: no special abilities


You were on level 4 of the Dungeon.
You visited 1 branch of the dungeon, and saw 5 of its levels.

You collected 147 gold pieces.
You spent 66 gold pieces at shops.

Inventory:

Hand Weapons
 c - a +0 falchion of holy wrath (weapon)
Missiles
 d - 64 arrows
 x - a throwing net
Armour
 f - a +0 leather armour (worn)
 i - a +1 helmet (worn)
 o - a +2 pair of gloves of strength (worn)
 y - a +0 buckler
Wands
 s - a wand of digging (8)
 u - a wand of flame (10)
Scrolls
 e - 4 scrolls of identify
 g - 3 scrolls of teleportation {unknown}
 k - a scroll of enchant weapon {unknown}
 l - a scroll of fear {unknown}
 m - a scroll of amnesia {unknown}
 n - 2 scrolls of magic mapping
 p - a scroll of summoning {unknown}
 q - a scroll of holy word {unknown}
 v - a scroll of noise {unknown}
Potions
 a - a potion of haste {unknown}
 b - 3 potions of mutation {unknown}
 h - 2 potions of flight {unknown}
 j - 3 potions of curing {unknown}
 r - a potion of attraction {unknown}
 t - a potion of degeneration {unknown}
 w - a potion of ambrosia {unknown}


   Skills:
 - Level 1.0 Fighting
 - Level 1.0 Armour
 - Level 3.0 Dodging
 - Level 3.0 Stealth
 + Level 0.4 Shields
 * Level 7.7 Spellcasting
 + Level 5.0 Conjurations
 - Level 1.1 Summonings
 - Level 1.1 Translocations
 + Level 1.4 Fire Magic
 - Level 1.2 Air Magic
 - Level 1.2 Poison Magic
 - Level 1.2 Evocations


You had 10 spell levels left.
You knew the following spells:

 Your Spells              Type           Power      Damage    Failure   Level
a - Magic Dart            Conj           100%       1d8       1%          1
b - Mephitic Cloud        Conj/Pois/Air  18%        N/A       12%         3
c - Call Imp              Summ           12%        N/A       11%         2
d - Blink                 Tloc           24%        N/A       11%         2
e - Conjure Flame         Conj/Fire      21%        6-21      9%          3

Your spell library contained the following spells:

 Spells                   Type           Power      Damage    Failure   Level
 Corpse Rot               Necr/Air       20%        N/A       13%         2
 Slow                     Hex            8%         N/A       17%         2
 Gell's Gravitas          Tloc           6%         N/A       22%         3
 Teleport Other           Tloc           12%        N/A       22%         3
 Dispel Undead            Necr           8%         3d8       73%         4
 Death Channel            Necr           4%         N/A       100%        6
 Dispersal                Tloc           6%         N/A       100%        6


Dungeon Overview and Level Annotations

Branches:
Dungeon (5/15)
 Temple: D:4-7

Altars:
Gozag

Shops:
D:1 (*   D:2 :?*[   D:5 ?


Message History

You feel stable enough to blink again. Something completely misses you.
You climb upwards.
Reactivating autopickup.
There is a stone staircase leading down here.
Unknown command.
Unknown command.
Casting: Magic Dart (safe; 1% risk of failure)
Confirm with . or Enter, or press ? or * to list all spells.
You blink.
Something hits you.
* * * LOW HITPOINT WARNING * * *
Deactivating autopickup; reactivate with Ctrl-A.
Casting: Blink (safe; 11% risk of failure)
Confirm with . or Enter, or press ? or * to list all spells.
Aiming: Mephitic Cloud (dangerous; 12% risk of failure)
Press: ? - help, Shift-Dir - straight line That beam is likely to hit you.
Continue anyway?
The ball explodes into a vile cloud!
The stinking cloud engulfs something but does no damage.
The stinking cloud engulfs you but does no damage.
You are engulfed in noxious fumes.
* * * LOW HITPOINT WARNING * * *
Something hits you.
* * * LOW HITPOINT WARNING * * *
Something hits you but does no damage.
You feel stable enough to blink again. Something hits you but does no damage.
Casting: Mephitic Cloud (dangerous; 12% risk of failure)
Confirm with . or Enter, or press ? or * to list all spells.
The fire begins to smoulder!
Something hits you but does no damage.
Something smothers the flame.
Aiming: Throw Flame
Press: ? - help, Shift-Dir - straight line The puff of flame hits something.
Something hits you but does no damage. Something hits you but does no damage.
Something hits you but does no damage. Something hits you.
* * * LOW HITPOINT WARNING * * *
Something hits you but does no damage. Something hits you!
You die... #.#.......#......##♣. #.#..........#####♣P. #.........#.## ♣PP ##>.......#.# ♣PP

##.......#.#
#♣PP
#.###.###.#
#PP. #.###.#
#.# #P..
#..##.# #.#
#♣.. ##@##.#
#.# #..
#{##.# #.#
♣P. #.{#.#
#.######♣PP
##...#
#......#♣♣P
#..##
######## ##
#..# ####


There were no monsters in sight!

Vanquished Creatures
  Sigmund (D:3)
  A necrophage (D:4)
  An ogre (D:4)
  A kobold brigand (D:4)
  A bullfrog zombie (D:5)
  A hound (D:5)
  An orc priest (D:3)
  A centaur skeleton (D:5)
  Terence (D:2)
  An orc wizard (D:3)
  An adder (D:2)
  An ufetubus (D:3)
  An adder skeleton (D:4)
  A worm (D:2)
  4 orcs (D:3)
  8 ball pythons
  6 endoplasms
  4 giant cockroaches
  4 goblins
  4 hobgoblins
  11 jackals
  9 kobolds
  3 quokkas
  7 bats
  A frilled lizard (D:4)
  13 rats
88 creatures vanquished.

Vanquished Creatures (others)
  7 plants (D:4)
7 creatures vanquished.

Grand Total: 95 creatures vanquished

Notes
Turn   | Place    | Note
-------+----------+-------------------------------------------
     0 | D:1      | pokeman the Deep Elf Hedge Wizard began the quest for the
                  | Orb.
     0 | D:1      | Reached XP level 1. HP: 10/10 MP: 7/7
   257 | D:1      | Reached XP level 2. HP: 16/16 MP: 5/9
   833 | D:1      | Reached skill level 5 in Spellcasting
   908 | D:1      | Reached XP level 3. HP: 20/20 MP: 1/11
   912 | D:1      | Learned a level 3 spell: Mephitic Cloud
   921 | D:1      | Learned a level 2 spell: Call Imp
   924 | D:1      | Learned a level 2 spell: Blink
   928 | D:1      | Learned a level 3 spell: Conjure Flame
  1004 | D:1      | Found Ruruonyth's Antique Weapon Emporium.
  1478 | D:1      | Found Kiyreb's Assorted Antiques.
  1790 | D:1      | Found a faded altar of an unknown god.
  2133 | D:2      | Reached skill level 1 in Armour
  2394 | D:2      | Reached skill level 1 in Fighting
  2568 | D:2      | Found Iblann's Armour Boutique.
  2605 | D:2      | Found Cekociot's Book Boutique.
  2608 | D:2      | Noticed Terence
  2614 | D:2      | Killed Terence
  2615 | D:2      | Reached XP level 4. HP: 25/25 MP: 4/13
  2960 | D:2      | Found Mapoetsi's Magic Scroll Boutique.
  2968 | D:2      | Bought a scroll of identify for 24 gold pieces
  2968 | D:2      | Bought a scroll of magic mapping for 42 gold pieces
  3484 | D:2      | Found Loosche's Assorted Antiques.
  3696 | D:3      | Noticed Sigmund
  3882 | D:3      | Reached skill level 1 in Fire Magic
  3935 | D:3      | Reached skill level 6 in Spellcasting
  3935 | D:3      | Reached XP level 5. HP: 29/29 MP: 8/15
  4010 | D:3      | Killed Sigmund
  4011 | D:3      | Reached skill level 7 in Spellcasting
  4011 | D:3      | Reached XP level 6. HP: 32/34 MP: 11/18
  4577 | D:3      | Found an opulent altar of Gozag.
  4775 | D:4      | Reached skill level 1 in Air Magic
  5507 | D:5      | Entered Level 5 of the Dungeon
  5525 | D:4      | Reached skill level 1 in Poison Magic
  5525 | D:4      | Reached skill level 1 in Evocations
  5525 | D:4      | Reached XP level 7. HP: 38/38 MP: 7/19
  5629 | D:5      | Found Fauvvace's Magic Scroll Boutique.
  5980 | D:5      | Reached skill level 5 in Conjurations
  5988 | D:5      | Noticed a yak
  5995 | D:5      | Noticed a yak
  6020 | D:4      | Slain by an unseen horror

Illustrated notes

Levels and vault maps discovered:
D:1:      lightli_arrival_isolated_outpost, layout_loops_corners,
          chequers_ecumenical_altar_grove, serial_shops, shop, shop,
          chequers_serial_rivers_micro_c, grunt_decor_one_mirror
D:2:      layout_basic, serial_shops, nicolae_square_shop, nicolae_shop_trees,
          nicolae_square_shop, shop, uniq_terence
D:3:      cheibrodos_helix_gallery, layout_basic, mainiacjoe_overflow_alcove_4,
          minmay_bisected, uniq_sigmund
D:4:      layout_rooms, lexackson_kobold_supper
D:5:      layout_cave_pools, serial_shops, nicolae_stop_n_shop_2, shop,
          kennysheep_little_box, kennysheep_cross_bottleneck

Skill      XL: |  1  2  3  4  5  6  7 |
---------------+----------------------+-----
Spellcasting   | 5 6 7 |  7.7
Armour         | 1 |  1.0
Fighting       | 1 |  1.0
Conjurations   | 2 3 4 5 |  5.0
Fire Magic     | 1 |  1.4
Dodging        | 3 |  3.0
Stealth        | 3 |  3.0
Air Magic      | 1 |  1.2
Poison Magic   | 1 |  1.2
Evocations     | 1 |  1.2
Shields        | |  0.4
Summonings     | |  1.1
Translocations | |  1.1

Action                   |  1- 3 |  4- 6 |  7- 9 || total
-------------------------+-------+-------+-------++-------
Melee: Dagger            |    27 |       |       ||    27
       Falchion          |     1 |    22 |     7 ||    30
 Cast: Magic Dart        |   106 |    80 |    14 ||   200
       Mephitic Cloud    |     1 |     7 |     4 ||    12
       Conjure Flame     |     1 |     4 |     5 ||    10
       Blink             |       |     1 |     3 ||     4
       Call Imp          |       |       |     1 ||     1
Evoke: Wand              |       |       |     1 ||     1
 Stab: Confused          |       |     3 |     1 ||     4
Armor: Leather armour    |    16 |    11 |    28 ||    55
Dodge: Dodged            |    35 |    18 |    22 ||    75

Table legend: (Time is in decaauts)
 A = Elapsed time spent in this place.
 B = Non-inter-level travel time spent in this place.
 C = Inter-level travel time spent in this place.
 D = Time resting spent in this place.
 E = Time spent auto-exploring this place.
 F = Levels seen in this place.
 G = Mean time per level.
                   A        B        C        D        E       F      G
               +--------+--------+--------+--------+--------+-----+--------+
         Total |   6044 |   5787 |    257 |    570 |   4454 |   5 | 1208.8 |
       Dungeon |   6044 |   5787 |    257 |    570 |   4454 |   5 | 1208.8 |
               +--------+--------+--------+--------+--------+-----+--------+

Top non-repeatable levels by time:
     D:1: 2027 daAuts
     D:2: 1573 daAuts
     D:4: 1326 daAuts
     D:3: 1036 daAuts
     D:5: 80 daAuts
